 Dungeon Crawl Stone Soup version 0.28.0-45-g0d030f2227 (webtiles) character file.

Game seed: 5559917443177218578

520 Kziril the Skirmisher (level 7, -2/45 HPs)
             Began as a Gargoyle Fighter on Apr 18, 2022.
             Splashed by a jelly's acid (6 damage)
             ... on level 4 of the Dungeon.
             The game lasted 00:10:42 (4670 turns).

Kziril the Skirmisher (Gargoyle Fighter)            Turns: 4670, Time: 00:10:44

Health: -2/45      AC:  4    Str: 19    XL:     7   Next: 21%
Magic:  7/7        EV:  9    Int:  9    God:
Gold:   188        SH:  5    Dex: 11    Spells: 6/6 levels left

rFire   . . .      SeeInvis .   d - +1 mace
rCold   . . .      Faith    .   c - +0 buckler
rNeg    + . .      Spirit   .   b - +0 scale mail
rPois   ∞          Reflect  .   (no helmet)
rElec   +          Harm     .   (no cloak)
rCorr   .          Rampage  .   (no gloves)
Will    .....                   (no boots)
Stlth   ..........              (no amulet)
HPRegen 0.15/turn               (no ring)
MPRegen 0.10/turn               (no ring)

@: corroded
A: sickness immunity, AC +4, negative energy resistance 1, electricity
resistance, torment resistance 1, petrification resistance
a: no special abilities


You were on level 4 of the Dungeon.
You visited 1 branch of the dungeon, and saw 5 of its levels.

You collected 188 gold pieces.

Inventory:

Hand Weapons
 d - a +1 mace (weapon)
Armour
 b - a +0 scale mail (worn)
 c - a +0 buckler (worn)
Scrolls
 e - 4 scrolls of identify
 g - a scroll of vulnerability
Potions
 a - a potion of brilliance


   Skills:
 * Level 5.8 Fighting
 + Level 3.4 Maces & Flails
 * Level 5.7 Armour
 + Level 4.7 Shields


You had 6 spell levels left.
You didn't know any spells.
Your spell library contained the following spells:

 Spells                   Type           Power      Damage    Failure   Level
 Portal Projectile        Hex/Tloc       0%         N/A       99%         3
 Blade Hands              Tmut           0%         N/A       100%        5
 Excruciating Wounds      Necr           0%         N/A       100%        5


Dungeon Overview and Level Annotations

Branches:
Dungeon (5/15)
 Temple: D:4-7

Altars:


Innate Abilities, Weirdness & Mutations

You are immune to sickness and miasma.
Your stone body is resilient. (AC +4)
You are immune to poison.
You resist negative energy. (rN+)
You are resistant to electric shocks. (rElec)
You are resistant to unholy torment.
You are immune to petrification.


Message History

The orc hits you but does no damage. The orc barely misses you.
You sock the orc!
You kill the orc!
Things that are here:
a +0 mace; a +0 leather armour; an orc corpse A jelly comes into view.
The jelly quivers.
A quokka comes into view.
An endoplasm comes into view.
The endoplasm quivers.
Things that are here:
a +0 mace; a +0 leather armour; an orc corpse
There is an open door here.
You sock the endoplasm!
You kill the endoplasm!
You hit the jelly. The acid corrodes you!
Your hands burn!
The jelly is moderately wounded.
The jelly hits you. The acid corrodes you!
You are splashed with acid!
You hit the jelly.
Your hands burn!
The jelly is heavily wounded.
The jelly closely misses you. The jelly hits you.
You are splashed with acid!
You hit the jelly.
Your hands burn!
* * * LOW HITPOINT WARNING * * *
The jelly is severely wounded.
The jelly closely misses you.
You hit the jelly but do no damage.
Your hands burn!
* * * LOW HITPOINT WARNING * * *
The jelly is severely wounded.
The jelly hits you but does no damage.
You hit the jelly but do no damage.
Your hands burn!
* * * LOW HITPOINT WARNING * * *
The jelly is severely wounded.
The jelly hits you but does no damage.
You hit the jelly.
Your hands burn!
* * * LOW HITPOINT WARNING * * *
The jelly is almost dead.
The jelly hits you but does no damage. The jelly hits you.
* * * LOW HITPOINT WARNING * * *
You are splashed with acid.
You die...

#...............................
.............###.....###...##..
............##..#...#..##.......
...........##...#...#...#..#....
............#<.##...##.<#.......
............####.....####....##.
.............................'
#.......##########..#.##....M#
#....#..........@.#.#.# ..#..
#....############J#.#.# #....#
........r..#.# .............#
.............# .............#
...r.........# ...........#.#
...........#.#


You could see a jelly and a quokka.

Vanquished Creatures
  Sigmund (D:3)
  Menkaure (D:4)
  An orc priest (D:3)
  Jessica (D:3)
  An orc wizard (D:3)
  3 adders
  6 gnolls (D:3)
  A white imp (D:4)
  2 worms
  2 dart slugs
  4 orcs
  7 ball pythons
  10 endoplasms
  4 giant cockroaches
  5 goblins
  8 hobgoblins
  3 bats
  6 frilled lizards
  4 kobolds
  7 rats
77 creatures vanquished.

Notes
Turn   | Place    | Note
-------+----------+-------------------------------------------
     0 | D:1      | Kziril the Gargoyle Fighter began the quest for the Orb.
     0 | D:1      | Reached XP level 1. HP: 14/14 MP: 1/1
   264 | D:1      | Reached XP level 2. HP: 19/19 MP: 2/2
   896 | D:1      | Reached XP level 3. HP: 21/24 MP: 3/3
  2255 | D:2      | Reached XP level 4. HP: 29/29 MP: 4/4
  2833 | D:3      | Noticed Sigmund
  2860 | D:3      | Killed Sigmund
  2861 | D:3      | Reached XP level 5. HP: 23/34 MP: 5/5
  2933 | D:3      | Reached XP level 6. HP: 27/40 MP: 6/6
  3163 | D:3      | Reached skill level 5 in Fighting
  3270 | D:3      | Reached skill level 5 in Armour
  3283 | D:3      | HP: 2/60 [orc priest/divine providence (9)]
  3957 | D:3      | Noticed Jessica
  3968 | D:3      | Killed Jessica
  4539 | D:5      | Entered Level 5 of the Dungeon
  4563 | D:4      | Noticed Menkaure
  4581 | D:4      | Killed Menkaure
  4582 | D:4      | Reached XP level 7. HP: 36/45 MP: 7/7
  4670 | D:4      | Splashed by a jelly's acid

Illustrated notes

Levels and vault maps discovered:
D:1:      lemuel_arrival_lava_pool, layout_basic, minmay_distorted
D:2:      layout_basic, minmay_hedge_maze
D:3:      layout_basic, uniq_jessica, uniq_sigmund
D:4:      layout_basic, corexii_corridor_pit, kennysheep_cross_room,
          grunt_ministairs_6, uniq_menkaure
D:5:      layout_loops_ring, kennysheep_mini_moat, serial_bayou,
          serial_bayou_lagoon_b, serial_bayou_crossing, serial_bayou_pond_b,
          serial_bayou_ford_a, serial_bayou_lake_a,
          hangedman_abyss_or_decor_passed

Skill      XL: |  1  2  3  4  5  6 |
---------------+-------------------+-----
Fighting       | 4 5 |  5.8
Armour         | 4 5 |  5.7
Shields        | 4 |  4.7
Maces & Flails | 3 |  3.4

Action                   |  1- 3 |  4- 6 |  7- 9 || total
-------------------------+-------+-------+-------++-------
Melee: Flail             |   144 |    76 |       ||   220
       Mace              |       |    58 |    12 ||    70
  Use: Scroll            |       |     4 |       ||     4
       Potion            |       |     3 |       ||     3
Armor: Scale mail        |    60 |    52 |     5 ||   117
       Skin              |       |    10 |       ||    10
Dodge: Dodged            |    48 |    46 |     4 ||    98
Block: Buckler           |    25 |    29 |       ||    54
